 Dungeon Crawl Stone Soup version 0.31-a0-640-g39d97e502b (webtiles) character file.

Game seed: 13501379717537150952

37 qw the Shooter (level 3, -1/22 HPs)
             Began as a Gargoyle Hunter on Aug 27, 2023.
             Slain by a gnoll
             ... wielding a +0 whip
              (3 damage)
             ... on level 2 of the Dungeon.
             The game lasted 00:00:24 (1121 turns).

qw the Shooter (Gargoyle Hunter)                    Turns: 1121, Time: 00:00:25

Health: -1/22      AC:  9    Str: 14    XL:     3   Next: 41%
Magic:  3/3        EV: 10    Int:  9    God:
Gold:   52         SH:  5    Dex: 15    Spells: 2/2 levels left

rFire   . . .        Y - +0 shortbow
rCold   . . .        (shield currently unavailable)
rNeg    + . .        i - +0 ring mail
rPois   inf          (no helmet)
rElec   +            (no cloak)
rCorr   .            l - +0 pair of gloves
SInv    .            (no boots)
Will    .....        f - amulet of reflection
Stlth   +            (no ring)
HPRegen 0.23/turn    (no ring)
MPRegen 0.08/turn

%: reflection
@: no status effects
A: sickness immunity, AC +3, negative energy resistance 1, electricity
resistance, torment resistance 1, petrification resistance
a: no special abilities


You were on level 2 of the Dungeon.
You visited 1 branch of the dungeon, and saw 2 of its levels.

You collected 52 gold pieces.


Innate Abilities, Weirdness & Mutations

You are immune to sickness and miasma.
Your stone body is resilient. (AC +3)
You are immune to poison.
You resist negative energy. (rN+)
You are resistant to electric shocks. (rElec)
You are resistant to unholy torment.
You are immune to petrification.


   Skills:
 - Level 2.4 Fighting
 - Level 5.0 Ranged Weapons
 + Level 0.3 Armour
 - Level 1.5 Dodging
 - Level 1.1 Stealth


You had 2 spell levels left.
You didn't know any spells.
Your spell library was empty.

Inventory:

Hand Weapons
 Y - a +0 shortbow (weapon)
Armour
 i - a +0 ring mail (worn)
 l - a +0 pair of gloves (worn)
Jewellery
 f - an amulet of reflection (around neck)
Scrolls
 a - a scroll of amnesia {unknown}
 b - 3 scrolls of identify
 c - a scroll of enchant weapon {unknown}
Potions
 g - a potion of might {unknown}
 h - a potion of heal wounds {unknown}
 j - a potion of magic {unknown}
 k - a potion of haste {unknown}

Dungeon Overview and Level Annotations

Branches:
Dungeon (2/15)

Altars:

Shops:
D:1 (


Message History

You shoot an arrow. The arrow closely misses the gnoll.
You block the gnoll's attack. x2
You shoot an arrow. The arrow barely misses the gnoll.
The gnoll closely misses you. The gnoll barely misses you.
The gnoll hits you with a +0 halberd.
Enter note:
Enter note:
1113 ||| Stepping ~*~*~tactically~*~*~ (retreating).
The gnoll hits you from afar with a +0 halberd!
Enter note:
Enter note:
1114 ||| Stepping ~*~*~tactically~*~*~ (retreating).
You shoot an arrow.
The arrow hits the gnoll but does no damage.
The gnoll is moderately wounded.
The gnoll barely misses you.
Enter note:
Enter note:
1116 ||| Stepping ~*~*~tactically~*~*~ (retreating).
Enter note:
Enter note:
1117 ||| Stepping ~*~*~tactically~*~*~ (retreating).
Enter note:
Enter note:
1118 ||| Stepping ~*~*~tactically~*~*~ (retreating).
Enter note:
Enter note:
1119 ||| Stepping ~*~*~tactically~*~*~ (retreating).
Enter note:
Enter note:
Enter note:
Enter note:
1120 ||| Stepping ~*~*~tactically~*~*~ (retreating).
The gnoll attacks as it pursues you! The gnoll hits you with a +0 whip.
You shoot an arrow. The arrow hits the gnoll!
The gnoll is severely wounded.
The gnoll hits you with a +0 whip.
The gnoll hits you from afar with a +0 halberd.
The gnoll hits you with a +0 whip.
You die...

# # # # ########## #
.........# # ########.# #
#####.## # #.g@...# #
#g###..# # #.# #.<# #####
#g# #..# #.... #+ #g# #..#
#.### ... #.###..# #.# ....
#......# #.## ..g.. ###.#.##
#(.##
......####....##########...#


You could see 2 gnolls.

Vanquished Creatures
  3 dart slugs
  A ball python (D:1)
  2 bats (D:1)
  5 endoplasms (D:1)
  A giant cockroach (D:1)
  3 kobolds (D:1)
  3 quokkas (D:1)
  2 frilled lizards (D:1)
  4 goblins (D:1)
  3 rats (D:1)
27 creatures vanquished.

Notes
Turn   | Place    | Note
-------+----------+-------------------------------------------
     0 | D:1      | qw the Gargoyle Hunter began the quest for the Orb.
     0 | D:1      | Reached XP level 1. HP: 12/12 MP: 1/1
     0 | D:1      | 0 ||| qw: Version: 0.3-a-74-g0d5e918
     0 | D:1      | 0 ||| qw: Game counter: 38
     0 | D:1      | 0 ||| qw: Melee chars always use a shield: true
     0 | D:1      | 0 ||| qw: God list: Okawaru
     0 | D:1      | 0 ||| qw: Allow faded altars: false
     0 | D:1      | 0 ||| qw: Do Orc after clearing Dungeon:15 true
     0 | D:1      | 0 ||| qw: Do second Lair branch before Depths: true
     0 | D:1      | 0 ||| qw: Lair rune preference: random
     0 | D:1      | 0 ||| qw: Goals: Normal
     0 | D:1      | 0 ||| PLANNING D:1-11
    92 | D:1      | Reached XP level 2. HP: 17/17 MP: 2/2
   324 | D:1      | Reached XP level 3. HP: 21/21 MP: 3/3
   345 | D:1      | Reached skill level 5 in Ranged Weapons
   387 | D:1      | Found Avuim's Weapon Shoppe.
   659 | D:1      | 659 ||| UPGRADING to +0 ring mail.
   669 | D:1      | 669 ||| DROPPING +0 leather armour.
   670 | D:1      | 670 ||| UPGRADING to +0 pair of gloves.
   675 | D:1      | 675 ||| UPGRADING to amulet of reflection.
   680 | D:1      | 680 ||| READING scroll labelled NENOUBRO TYCID.
   695 | D:1      | 695 ||| READING scroll labelled BUFICA GASERR.
   696 | D:1      | 696 ||| DROPPING scroll of butterflies.
   815 | D:2      | Identified the +4 dagger "Tuxzoicw" {heavy, rF+ rC++ Int+4}
  1098 | D:2      | 1098 ||| RETREATING.
  1103 | D:2      | 1103 ||| Stepping ~*~*~tactically~*~*~ (retreating).
  1105 | D:2      | 1105 ||| Stepping ~*~*~tactically~*~*~ (retreating).
  1113 | D:2      | 1113 ||| Stepping ~*~*~tactically~*~*~ (retreating).
  1114 | D:2      | 1114 ||| Stepping ~*~*~tactically~*~*~ (retreating).
  1116 | D:2      | 1116 ||| Stepping ~*~*~tactically~*~*~ (retreating).
  1117 | D:2      | 1117 ||| Stepping ~*~*~tactically~*~*~ (retreating).
  1118 | D:2      | 1118 ||| Stepping ~*~*~tactically~*~*~ (retreating).
  1119 | D:2      | 1119 ||| Stepping ~*~*~tactically~*~*~ (retreating).
  1120 | D:2      | 1120 ||| Stepping ~*~*~tactically~*~*~ (retreating).
  1121 | D:2      | HP: 4/22 [gnoll/+0 whip (6)]
  1121 | D:2      | Slain by a gnoll

Levels and vault maps discovered:
D:1:      minmay_arrival_doors, layout_basic, serial_shops, shop
D:2:      layout_loops_corners

Skill      XL: |  1  2  3 |
---------------+----------+-----
Ranged Weapons | 5 |  5.0
Fighting       | |  2.4
Armour         | |  0.3
Dodging        | |  1.5
Stealth        | |  1.1

Action                     || total
---------------------------++-------
   Fire: Shortbow          ||    82
    Use: Scroll            ||     2
 Armour: Leather armour    ||     4
         Ring mail         ||     2
  Dodge: Dodged            ||    12
  Block: Other             ||     4

Table legend:
 A = Non-vault XP
 B = Vault XP
 C = Vault XP percentage of total XP
 D = Non-vault monster count
 E = Vault monster count
 F = Vault count percentage of total count
                 A         B        C        D         E       F
            +---------+---------+-------+---------+---------+-------
      Total |      54 |       0 |   0.0 |      27 |       0 |   0.0
            +---------+---------+-------+---------+---------+-------
        D:1 |      50 |       0 |   0.0 |      26 |       0 |   0.0
        D:2 |       4 |       0 |   0.0 |       1 |       0 |   0.0
            +---------+---------+-------+---------+---------+-------
